FCL
FCL LOS ANGELES (N) DODGERS @ FCL ATLANTA BRAVES
05/10/2042
 
TOP OF THE 1ST
FCL Los Angeles (N) Dodgers batting - Pitching for FCL Atlanta Braves : RHP José Ayala
Pitching: RHP José Ayala
Batting: LHB Ioan Avram 0-0: Foul Ball, location: 2F
0-1: Foul Ball, location: 25F
0-2: Ball
1-2: Ground out U3 (Groundball, 34S, EV 81.3 MPH)
Batting: LHB Steve Drews 0-0: Ball
1-0: Swinging Strike
1-1: Ball
2-1: Ball
3-1: Called Strike
3-2: Base on Balls
Batting: LHB Sanho Morgado 0-0: Ball
1-0: Ball
2-0: Called Strike
Steve Drews steals 2nd base
2-1: Called Strike
2-2: TRIPLE (Flyball, 89XD, EV 98.8 MPH)
Steve Drews scores
Batting: RHB Sergio Aguilera 0-0: Fly out, F2 (Popup, 23F, EV 87.5 MPH)
Batting: LHB Juan Gómez 0-0: Ground out 4-3 (Groundball, 4, EV 96.3 MPH)
Top of the 1st over - 1 run, 1 hit, 0 errors, 1 left on base; FCL Los Angeles (N) 1 - FCL Atlanta 0
BOTTOM OF THE 1ST
FCL Atlanta Braves batting - Pitching for FCL Los Angeles (N) Dodgers : RHP Bob Cobb
Pitching: RHP Bob Cobb
Batting: RHB Ron Jackson 0-0: Called Strike
0-1: Ball
1-1: Ball
2-1: Called Strike
2-2: Strikes out swinging, 2-3 out at first.
Batting: RHB Jorge Pérez 0-0: Ground out 6-3 (Groundball, P, EV 90.6 MPH)
Batting: RHB Alfredo Garza 0-0: Ball
1-0: Swinging Strike
1-1: Swinging Strike
1-2: Ball
2-2: Foul Ball, location: 2F
2-2: SOLO HOME RUN (Flyball, 9D, EV 101.3 MPH), Distance : 373 ft
Batting: RHB Shawn Lee 0-0: Foul Ball, location: 23F
0-1: Foul Ball, location: 2F
0-2: SOLO HOME RUN (Flyball, 7LD, EV 89.4 MPH), Distance : 336 ft
Batting: SHB Spike Schultz 0-0: Ball
1-0: Foul Ball, location: 2F
1-1: Foul Ball, location: 5SF
1-2: Strikes out swinging
Bottom of the 1st over - 2 runs, 2 hits, 0 errors, 0 left on base; FCL Los Angeles (N) 1 - FCL Atlanta 2
TOP OF THE 2ND
FCL Los Angeles (N) Dodgers batting - Pitching for FCL Atlanta Braves : RHP José Ayala
Batting: RHB Patrice Dumortier 0-0: Called Strike
0-1: Ball
1-1: Ball
2-1: Ball
3-1: Foul Ball, location: 2LF
3-2: Strikes out looking
Batting: RHB Wilbert Ray 0-0: Called Strike
0-1: Called Strike
0-2: Strikes out looking
Batting: RHB Josh Edwards 0-0: Called Strike
0-1: Foul Ball, location: 7LDF
0-2: Foul Ball, location: 5F
0-2: Foul Ball, location: 5DF
0-2: Ball
1-2: Foul Ball, location: 9LDF
1-2: Ball
2-2: Ball
3-2: Foul Ball, location: 2F
3-2: Foul Ball, location: 25F
3-2: Strikes out swinging
Top of the 2nd over - 0 runs, 0 hits, 0 errors, 0 left on base; FCL Los Angeles (N) 1 - FCL Atlanta 2
BOTTOM OF THE 2ND
FCL Atlanta Braves batting - Pitching for FCL Los Angeles (N) Dodgers : RHP Bob Cobb
Batting: RHB José Randín 0-0: Ball
1-0: Foul Ball, location: 2F
1-1: Called Strike
1-2: Ball
2-2: Strikes out looking
Batting: RHB Dan Woodward 0-0: Ball
1-0: SINGLE (Groundball, 34D, EV 102.5 MPH)
Batting: RHB José Rivas 0-0: Ball
1-0: Swinging Strike
1-1: Foul Ball, location: 2LF
1-2: Ball
2-2: Ball
3-2: Foul Ball, location: 2F
3-2: Strikes out swinging
Batting: RHB César Zamora 0-0: Foul Ball, location: 9LMF
0-1: Hit by Pitch
Dan Woodward to second
Batting: RHB Ron Jackson 0-0: Ball
1-0: Ball
2-0: Ball
3-0: Base on Balls
Dan Woodward to third
César Zamora to second
Batting: RHB Jorge Pérez 0-0: Ball
1-0: Fly out, F3 (Popup, 3F, EV 70.6 MPH)
Bottom of the 2nd over - 0 runs, 1 hit, 0 errors, 3 left on base; FCL Los Angeles (N) 1 - FCL Atlanta 2
TOP OF THE 3RD
FCL Los Angeles (N) Dodgers batting - Pitching for FCL Atlanta Braves : RHP José Ayala
Batting: RHB Gonçalo Givotovsky 0-0: Foul Ball, location: 9LDF
0-1: Swinging Strike
0-2: Strikes out looking
Batting: LHB Ioan Avram 0-0: Ball
1-0: Foul Ball, location: 5SF
1-1: Ball
2-1: Foul Ball, location: 2F
2-2: Ball
3-2: Foul Ball, location: 7LSF
3-2: Strikes out swinging
Batting: LHB Steve Drews 0-0: Foul Ball, location: 2F
0-1: Ball
1-1: Ball
2-1: Swinging Strike
2-2: Strikes out swinging
Top of the 3rd over - 0 runs, 0 hits, 0 errors, 0 left on base; FCL Los Angeles (N) 1 - FCL Atlanta 2
BOTTOM OF THE 3RD
FCL Atlanta Braves batting - Pitching for FCL Los Angeles (N) Dodgers : RHP Bob Cobb
Batting: RHB Alfredo Garza 0-0: Ball
1-0: Called Strike
1-1: Called Strike
1-2: Foul Ball, location: 25F
1-2: Strikes out swinging
Batting: RHB Shawn Lee 0-0: Ball
1-0: Called Strike
1-1: Ball
2-1: Foul Ball, location: 3F
2-2: Hit by Pitch
Batting: SHB Spike Schultz 0-0: Called Strike
0-1: Ball
1-1: Swinging Strike
1-2: Strikes out swinging
Batting: RHB José Randín 0-0: Ball
Passed Ball!
Shawn Lee to second
1-0: Foul Ball, location: 9LMF
1-1: Fly out, F9 (Flyball, 9D, EV 102.5 MPH)
Bottom of the 3rd over - 0 runs, 0 hits, 0 errors, 1 left on base; FCL Los Angeles (N) 1 - FCL Atlanta 2
TOP OF THE 4TH
FCL Los Angeles (N) Dodgers batting - Pitching for FCL Atlanta Braves : RHP José Ayala
Batting: LHB Sanho Morgado 0-0: Ball
1-0: Ball
2-0: Ball
3-0: Base on Balls
Batting: RHB Sergio Aguilera 0-0: 2-RUN HOME RUN (Flyball, 78XD, EV 96.3 MPH), Distance : 395 ft
Batting: LHB Juan Gómez 0-0: Called Strike
0-1: Called Strike
0-2: Hit by Pitch, AND HE CHARGES THE MOUND! The benches clear!
Pitching: RHP Jorge Garza
Pinch Runner at 1st Bubba Tucker:
Batting: RHB Patrice Dumortier 0-0: Ball
1-0: Sac Bunt to 5S - play at first, batter OUT! 5-3
Bubba Tucker to second
Batting: RHB Wilbert Ray 0-0: 2-RUN HOME RUN (Flyball, 78XD, EV 110.6 MPH), Distance : 413 ft
Batting: RHB Josh Edwards 0-0: Called Strike
0-1: Swinging Strike
0-2: Ball
1-2: Ball
2-2: Ball
3-2: Strikes out swinging
Batting: RHB Gonçalo Givotovsky 0-0: Ball
1-0: Swinging Strike
1-1: Ball
2-1: Foul Ball, location: 2F
2-2: Strikes out looking
Top of the 4th over - 4 runs, 2 hits, 0 errors, 0 left on base; FCL Los Angeles (N) 5 - FCL Atlanta 2
BOTTOM OF THE 4TH
FCL Atlanta Braves batting - Pitching for FCL Los Angeles (N) Dodgers : RHP Bob Cobb
Now in LF: Steve Drews
Now in CF: José Meléndez
Batting: RHB Dan Woodward 0-0: Called Strike
0-1: Swinging Strike
0-2: Strikes out swinging
Batting: RHB José Rivas 0-0: Fly out, F2 (Popup, 3SF, EV 81.9 MPH)
Batting: RHB César Zamora 0-0: Called Strike
0-1: Swinging Strike
0-2: Ball
1-2: Strikes out looking
Bottom of the 4th over - 0 runs, 0 hits, 0 errors, 0 left on base; FCL Los Angeles (N) 5 - FCL Atlanta 2
TOP OF THE 5TH
FCL Los Angeles (N) Dodgers batting - Pitching for FCL Atlanta Braves : RHP Jorge Garza
Batting: LHB Ioan Avram 0-0: Ball
1-0: Ball
2-0: Ball
3-0: Called Strike
3-1: Base on Balls
Batting: LHB Steve Drews 0-0: Sac Bunt to P - play at first, batter OUT! 1-3
Ioan Avram to second
Batting: LHB Sanho Morgado 0-0: Called Strike
0-1: Ball
1-1: Ball
2-1: Foul Ball, location: 2F
2-2: Strikes out swinging
Batting: RHB Sergio Aguilera 0-0: 2-RUN HOME RUN (Flyball, 9D, EV 96.9 MPH), Distance : 354 ft
Batting: LHB José Meléndez 0-0: Ball
1-0: Ball
2-0: Called Strike
2-1: Swinging Strike
2-2: Ball
3-2: Foul Ball, location: 3FF
3-2: Strikes out swinging
Top of the 5th over - 2 runs, 1 hit, 0 errors, 0 left on base; FCL Los Angeles (N) 7 - FCL Atlanta 2
BOTTOM OF THE 5TH
FCL Atlanta Braves batting - Pitching for FCL Los Angeles (N) Dodgers : RHP Bob Cobb
Batting: RHB Ron Jackson 0-0: Ball
1-0: Ball
2-0: Foul Ball, location: 5F
2-1: Called Strike
2-2: Ball
3-2: Base on Balls
Batting: RHB Jorge Pérez 0-0: Ball
1-0: Ball
2-0: Called Strike
2-1: Called Strike
Ron Jackson is caught stealing 2nd base 2-4
2-2: SINGLE (Flyball, 8LS, EV 88.1 MPH)
Batting: RHB Alfredo Garza 0-0: Foul Ball, location: 9LSF
0-1: Ball
1-1: Fielders Choice at 2nd, 4-6 (Groundball, 34, EV 82.5 MPH)
Pitching: LHP José Bernal
Batting: RHB Shawn Lee 0-0: Foul Ball, location: 2F
0-1: Swinging Strike
0-2: Ball
Alfredo Garza is caught stealing 2nd base 2-4
Bottom of the 5th over - 0 runs, 1 hit, 0 errors, 0 left on base; FCL Los Angeles (N) 7 - FCL Atlanta 2
TOP OF THE 6TH
FCL Los Angeles (N) Dodgers batting - Pitching for FCL Atlanta Braves : RHP Jorge Garza
Batting: RHB Patrice Dumortier 0-0: Ball
1-0: Foul Ball, location: 3F
1-1: Ball
2-1: Ball
3-1: Fly out, F8 (Flyball, 8RXD, EV 101.9 MPH)
Batting: RHB Wilbert Ray 0-0: Ball
1-0: Ball
2-0: Called Strike
2-1: Foul Ball, location: 5FF
2-2: Ball
3-2: Strikes out looking
Batting: RHB Josh Edwards 0-0: Ball
1-0: Ball
2-0: Called Strike
2-1: Foul Ball, location: 25F
2-2: Strikes out swinging
Top of the 6th over - 0 runs, 0 hits, 0 errors, 0 left on base; FCL Los Angeles (N) 7 - FCL Atlanta 2
BOTTOM OF THE 6TH
FCL Atlanta Braves batting - Pitching for FCL Los Angeles (N) Dodgers : LHP José Bernal
Batting: RHB Shawn Lee 0-0: Ball
1-0: Ball
2-0: Foul Ball, location: 9LDF
2-1: Ball
3-1: Ground out 3-1 (Groundball, 34S, EV 84.4 MPH)
Batting: SHB Spike Schultz 0-0: Foul Ball, location: 2F
0-1: Foul Ball, location: 2F
0-2: Ball
1-2: Fly out, F8 (Line Drive, 8LM, EV 91.9 MPH)
Batting: RHB José Randín 0-0: Ball
1-0: Swinging Strike
1-1: Ball
2-1: Ball
3-1: Base on Balls
Batting: RHB Dan Woodward 0-0: Ball
1-0: Foul Ball, location: 9LDF
1-1: Fly out, F3 (Popup, 3SF, EV 66.9 MPH)
Bottom of the 6th over - 0 runs, 0 hits, 0 errors, 1 left on base; FCL Los Angeles (N) 7 - FCL Atlanta 2
TOP OF THE 7TH
FCL Los Angeles (N) Dodgers batting - Pitching for FCL Atlanta Braves : RHP Jorge Garza
Batting: RHB Gonçalo Givotovsky 0-0: Ball
1-0: Ground out 5-3 (Groundball, 5S, EV 90.0 MPH)
Batting: LHB Ioan Avram 0-0: Called Strike
0-1: Fly out, F8 (Line Drive, 8LM, EV 88.8 MPH)
Batting: LHB Steve Drews 0-0: Ball
1-0: Called Strike
1-1: Called Strike
1-2: Strikes out swinging
Top of the 7th over - 0 runs, 0 hits, 0 errors, 0 left on base; FCL Los Angeles (N) 7 - FCL Atlanta 2
BOTTOM OF THE 7TH
FCL Atlanta Braves batting - Pitching for FCL Los Angeles (N) Dodgers : LHP José Bernal
Batting: RHB José Rivas 0-0: Ball
1-0: Foul Ball, location: 25F
1-1: Ball
2-1: Ground out 6-3 (Groundball, 6, EV 98.8 MPH)
Batting: RHB César Zamora 0-0: Swinging Strike
0-1: Ball
1-1: Swinging Strike
1-2: Foul Ball, location: 3F
1-2: Strikes out swinging
Batting: RHB Ron Jackson 0-0: Called Strike
0-1: Swinging Strike
0-2: Strikes out swinging
Bottom of the 7th over - 0 runs, 0 hits, 0 errors, 0 left on base; FCL Los Angeles (N) 7 - FCL Atlanta 2
TOP OF THE 8TH
FCL Los Angeles (N) Dodgers batting - Pitching for FCL Atlanta Braves : RHP Jorge Garza
Batting: LHB Sanho Morgado 0-0: Ball
1-0: Ball
2-0: Ball
3-0: Called Strike
3-1: Foul Ball, location: 3F
3-2: Base on Balls
Batting: RHB Sergio Aguilera 0-0: Ball
1-0: Called Strike
1-1: Swinging Strike
1-2: Foul Ball, location: 9LDF
1-2: Strikes out swinging
Batting: LHB José Meléndez 0-0: Foul Ball, location: 7LSF
0-1: Ball
1-1: Foul Ball, location: 2F
1-2: Foul Ball, location: 5F
1-2: Strikes out swinging
Pitching: RHP Luis Martínez
Batting: RHB Patrice Dumortier 0-0: Ball
1-0: Called Strike
Sanho Morgado steals 2nd base
1-1: Foul Ball, location: 2F
1-2: Ball
2-2: Strikes out looking
Top of the 8th over - 0 runs, 0 hits, 0 errors, 1 left on base; FCL Los Angeles (N) 7 - FCL Atlanta 2
BOTTOM OF THE 8TH
FCL Atlanta Braves batting - Pitching for FCL Los Angeles (N) Dodgers : LHP José Bernal
Batting: RHB Jorge Pérez 0-0: Reached on error, E6 (Groundball, 6, EV 105.6 MPH)
Batting: RHB Alfredo Garza 0-0: Ball
1-0: Foul Ball, location: 25F
1-1: Foul Ball, location: 7LMF
1-2: Strikes out swinging
Batting: RHB Shawn Lee 0-0: Called Strike
0-1: SINGLE (Flyball, 78S, EV 91.3 MPH)
Jorge Pérez to second
Batting: SHB Spike Schultz 0-0: Ball
1-0: Swinging Strike
1-1: Ball
2-1: Ball
3-1: Foul Ball, location: 2F
3-2: Foul Ball, location: 2F
3-2: Base on Balls
Jorge Pérez to third
Shawn Lee to second
Pitching: RHP Bob Cornett
Pinch Hitting: LHB Giobbe Fuseli 0-0: Ball
1-0: Swinging Strike
1-1: SINGLE (Groundball, 34D, EV 96.3 MPH)
Jorge Pérez scores
Shawn Lee to third
Spike Schultz to second
Pinch Hitting: RHB Sean Young 0-0: Ball
1-0: Ball
2-0: Ball
3-0: Called Strike
3-1: Swinging Strike
3-2: Strikes out looking
Batting: RHB José Rivas 0-0: Called Strike
0-1: Ball
1-1: Ball
2-1: Ball
3-1: Fly out, F9 (Flyball, 9S, EV 75.6 MPH)
Bottom of the 8th over - 1 run, 2 hits, 1 error, 3 left on base; FCL Los Angeles (N) 7 - FCL Atlanta 3
TOP OF THE 9TH
FCL Los Angeles (N) Dodgers batting - Pitching for FCL Atlanta Braves : RHP Luis Martínez
Now at 2B: Dave Hammond
Now in RF: Giobbe Fuseli
Batting: RHB Wilbert Ray 0-0: Ground out 6-3 (Groundball, 6, EV 90.6 MPH)
Batting: RHB Joe Fitzgerald 0-0: Ball
1-0: Called Strike
1-1: Swinging Strike
1-2: Strikes out swinging
Batting: RHB Gonçalo Givotovsky 0-0: Swinging Strike
0-1: Ball
1-1: Foul Ball, location: 2F
1-2: Ball
2-2: Strikes out swinging
Top of the 9th over - 0 runs, 0 hits, 0 errors, 0 left on base; FCL Los Angeles (N) 7 - FCL Atlanta 3
BOTTOM OF THE 9TH
FCL Atlanta Braves batting - Pitching for FCL Los Angeles (N) Dodgers : RHP Bob Cornett
Pitching: RHP Pat Quinn
Pinch Hitting: RHB Jeff Dodson 0-0: Ball
1-0: Swinging Strike
1-1: Fly out, F9 (Flyball, 9LS, EV 93.1 MPH)
Pinch Hitting: RHB Jonathan Rackley 0-0: SINGLE (Line Drive, 56D, EV 103.8 MPH)
Pinch Hitting: SHB Dave Lawson 0-0: Foul Ball, location: 7LSF
0-1: Ball
Passed Ball!
Jonathan Rackley to second
1-1: Foul Ball, location: 2F
1-2: Strikes out looking
Batting: RHB Alfredo Garza 0-0: Ball
1-0: Fly out, F6 (Popup, 6MD, EV 55.6 MPH)
Bottom of the 9th over - 0 runs, 1 hit, 0 errors, 1 left on base; FCL Los Angeles (N) 7 - FCL Atlanta 3
Wednesday, May 1st , 2024 - OOTP Baseball 24.10 Build 82